 Dungeon Crawl Stone Soup version 0.28-a0-804-g60983d4ba9 (webtiles) character file.

Game seed: 1554567028752181556

88 Sabo the Skirmisher (level 4, 0/37 HPs)
             Began as a Formicid Fighter on Nov 7, 2021.
             Succumbed to a goblin's poison
             ... on level 2 of the Dungeon.
             The game lasted 00:07:48 (2048 turns).

Sabo the Skirmisher (Formicid Fighter)              Turns: 2048, Time: 00:07:48

Health: 0/37       AC:  7    Str: 22    XL:     4   Next: 82%
Magic:  4/4        EV:  9    Int:  7    God:
Gold:   58         SH:  4    Dex: 10    Spells: 3/3 levels left

rFire   . . .      SeeInvis +   a - +0 war axe
rCold   . . .      Faith    .   c - +0 buckler
rNeg    . . .      Spirit   .   b - +0 scale mail
rPois   .          Reflect  .   (helmet unavailable)
rElec   .          Harm     .   (no cloak)
rCorr   .          Rampage  .   (no gloves)
Will    .....                   (no boots)
Stlth   ..........              (no amulet)
HPRegen 0.12/turn               (no ring)
MPRegen 0.09/turn               (no ring)

@: mighty, lethally poisoned (0 -> -7)
A: permanent stasis, dig shafts and tunnels, antennae 3, four strong arms
a: Dig, Shaft Self


You were on level 2 of the Dungeon.
You visited 1 branch of the dungeon, and saw 2 of its levels.

You collected 58 gold pieces.

Inventory:

Hand Weapons
 a - a +0 war axe (weapon)
Missiles
 h - 14 arrows
 m - 5 curare-tipped darts
Armour
 b - a +0 scale mail (worn)
 c - a +0 buckler (worn)
Jewellery
 j - an amulet of faith
Scrolls
 e - a scroll of immolation {unknown}
 f - 2 scrolls of noise {unknown}
 i - a scroll of identify {unknown}
 l - a scroll of brand weapon {unknown}
 n - a scroll of teleportation {unknown}
Potions
 g - 2 potions of curing {unknown}
 k - a potion of magic {unknown}


   Skills:
 + Level 4.2 Fighting
 + Level 3.0 Axes
 + Level 3.7 Armour
 + Level 0.2 Dodging
 + Level 1.2 Stealth
 + Level 4.0 Shields


You had 3 spell levels left.
You didn't know any spells.
Your spell library contained the following spells:

 Spells                   Type           Power      Damage    Failure   Level
 Dazzling Flash           Conj/Hex       0%         N/A       98%         3
 Agony                    Necr           0%         N/A       100%        5
 Silence                  Hex/Air        0%         N/A       100%        5


Dungeon Overview and Level Annotations

Branches:
Dungeon (2/15)

Altars:


Innate Abilities, Weirdness & Mutations

You cannot be hasted, slowed, berserked, paralysed or teleported.
You can dig through walls and to a lower floor.
You have a pair of large antennae on your head. (SInv)
Your four strong arms can wield two-handed weapons with a shield.


Message History

You closely miss Robin.
Robin is moderately wounded.
You barely miss the goblin. The goblin hits you but does no damage.
You are poisoned.
Robin roars a battlecry!
The goblin goes into a battle-frenzy!
The goblin closely misses you.
You hit Robin.
Robin is severely wounded.
You barely miss the goblin.
You feel sick. Robin hits you but does no damage.
The goblin hits you with a +0 dagger of venom.
You are more poisoned.
Robin hits you with a +1 spear of flaming.
Robin burns you.
You feel very mighty all of a sudden.
You feel very sick.
The goblin hits you with a +0 dagger of venom.
You are lethally poisoned!
You slash Robin!
You kill Robin!
You slash the goblin!
You kill the goblin!
* * * LOW HITPOINT WARNING * * *
You feel very sick.
The goblin no longer looks unusually strong.
Your Stealth skill increases to level 1!
You hit the goblin.
The goblin is almost dead.
* * * LOW HITPOINT WARNING * * *
You feel very sick. The goblin barely misses you.
The goblin closely misses you.
You slash the goblin!
You kill the goblin!
* * * LOW HITPOINT WARNING * * *
You feel very sick. The goblin hits you but does no damage.
Your Axes skill increases to level 3!
You slash the goblin!
You kill the goblin!
You die...

....#.. .# ....#..
##.# ####### .... ..
... ....(. w.. .#..
###....#.. ...
......... #.# +#
#...gw#######.##.###
#....g)@)..........#
.......g#######.##.#.#
#######.# #..#.#.# ..#
##.#.#.##### ####
#...#......
##..#.##### #..#.#
#..#.# #..#.#


You could see a worm and 3 goblins.

Vanquished Creatures
  Natasha (D:2)
  Robin (D:2)
  An adder (D:2)
  3 endoplasms
  3 giant cockroaches
  13 goblins
  2 hobgoblins
  A jackal (D:2)
  3 kobolds (D:1)
  3 quokkas
  4 ball pythons
  3 bats
  A frilled lizard (D:2)
  2 rats
41 creatures vanquished.

Notes
Turn   | Place    | Note
-------+----------+-------------------------------------------
     0 | D:1      | Sabo the Formicid Fighter began the quest for the Orb.
     0 | D:1      | Reached XP level 1. HP: 18/18 MP: 1/1
     6 | D:1      | Noticed an electric eel
   535 | D:1      | Reached XP level 2. HP: 22/24 MP: 2/2
  1134 | D:1      | Reached XP level 3. HP: 22/29 MP: 3/3
  1932 | D:2      | Noticed Natasha
  1938 | D:2      | Killed Natasha
  1939 | D:2      | Reached XP level 4. HP: 35/37 MP: 4/4
  2025 | D:2      | Noticed Robin
  2045 | D:2      | Killed Robin
  2046 | D:2      | Reached skill level 1 in Stealth
  2047 | D:2      | HP: 1/37 [poisoned by a goblin]
  2048 | D:2      | Succumbed to a goblin's poison

Illustrated notes

Levels and vault maps discovered:
D:1:      arrival_aquarium_a, layout_basic, hangedman_decor_growths
D:2:      minmay_wonky_spiral, layout_basic, uniq_natasha, uniq_robin

Skill      XL: |  1  2  3  4 |
---------------+-------------+-----
Fighting       | 4 |  4.2
Shields        | 4 |  4.0
Stealth        | 1 |  1.2
Axes           | 3 |  3.0
Armour         | |  3.7
Dodging        | |  0.2

Action                   |  1- 3 |  4- 6 || total
-------------------------+-------+-------++-------
Melee: War axe           |    85 |    16 ||   101
 Abil: Dig               |    12 |       ||    12
  Use: Potion            |       |     1 ||     1
Armor: Scale mail        |    40 |     9 ||    49
Dodge: Dodged            |    39 |     6 ||    45
Block: Buckler           |    23 |     1 ||    24

Table legend: (Time is in decaauts)
 A = Elapsed time spent in this place.
 B = Non-inter-level travel time spent in this place.
 C = Inter-level travel time spent in this place.
 D = Time resting spent in this place.
 E = Time spent auto-exploring this place.
 F = Levels seen in this place.
 G = Mean time per level.
                   A        B        C        D        E       F      G
               +--------+--------+--------+--------+--------+-----+--------+
         Total |   2101 |   2101 |      0 |    559 |      0 |   2 | 1050.5 |
       Dungeon |   2101 |   2101 |      0 |    559 |      0 |   2 | 1050.5 |
               +--------+--------+--------+--------+--------+-----+--------+

Top non-repeatable levels by time:
     D:1: 1448 daAuts
     D:2: 653 daAuts
